EL
MIDLAND ROCKHOUNDS @ NORTHWEST ARKANSAS NATURALS
04/06/2048
 
TOP OF THE 1ST
Midland RockHounds batting - Pitching for Northwest Arkansas Naturals : RHP Philip Terrell
Pitching: RHP Philip Terrell
Batting: RHB Niek de Haan 0-0: Fly out, F6 (Popup, 15, EV 78.1 MPH)
Batting: RHB Larry Clark 0-0: Called Strike
0-1: Foul Ball, location: 2F
0-2: Ball
1-2: Ball
2-2: Foul Ball, location: 2F
2-2: SINGLE (Line Drive, 5D, EV 97.5 MPH)
Batting: LHB Nick Pacheco 0-0: Ball
Larry Clark steals 2nd base
1-0: Called Strike
1-1: Foul Ball, location: 2F
1-2: Ball
2-2: Ball
3-2: Strikes out swinging
Batting: RHB Matt Sherard 0-0: Ball
1-0: Ball
2-0: Ball
3-0: Called Strike
3-1: Foul Ball, location: 2F
3-2: Ground out 6-3 (Groundball, 6, EV 103.8 MPH)
Top of the 1st over - 0 runs, 1 hit, 0 errors, 1 left on base; Midland 0 - Northwest Arkansas 0
BOTTOM OF THE 1ST
Northwest Arkansas Naturals batting - Pitching for Midland RockHounds : LHP Katsumi Takaki
Pitching: LHP Katsumi Takaki
Batting: SHB Ryoji Hiraoka 0-0: Called Strike
0-1: Ball
1-1: Ball
2-1: Foul Ball, location: 2F
2-2: Ground out 6-3 (Groundball, 6, EV 81.9 MPH)
Batting: RHB Kazuki Arai 0-0: Ball
1-0: Called Strike
1-1: Foul Ball, location: 2F
1-2: Ball
2-2: Foul Ball, location: 2F
2-2: Fly out, F9 (Flyball, 9D, EV 95.0 MPH)
Batting: RHB Alex Cid 0-0: Called Strike
0-1: Foul Ball, location: 2F
0-2: Ball
1-2: Foul Ball, location: 2F
1-2: Foul Ball, location: 2F
1-2: Ball
2-2: Foul Ball, location: 2F
2-2: Ground out 6-3 (Groundball, 6, EV 93.8 MPH)
Bottom of the 1st over - 0 runs, 0 hits, 0 errors, 0 left on base; Midland 0 - Northwest Arkansas 0
TOP OF THE 2ND
Midland RockHounds batting - Pitching for Northwest Arkansas Naturals : RHP Philip Terrell
Batting: RHB Travis Robinson 0-0: Called Strike
0-1: Foul Ball, location: 2F
0-2: Ball
1-2: Ground out 6-3 (Groundball, 6, EV 92.5 MPH)
Batting: RHB Tony Crespo 0-0: Ball
1-0: Foul Ball, location: 2F
1-1: Called Strike
1-2: Ball
2-2: Strikes out swinging
Batting: RHB Micah Roth 0-0: SINGLE (Groundball, 6MD, EV 95.0 MPH)
Batting: RHB Gojko Golob 0-0: Ball
1-0: Ball
2-0: Foul Ball, location: 2F
2-1: Foul Ball, location: 2F
2-2: DOUBLE (Flyball, 78XD, EV 102.5 MPH)
Micah Roth to third
Runner from 3rd tries for Home, SAFE, throw by LF to home
Pitching: RHP Mike Tuck
Batting: RHB Moses Brokken 0-0: Foul Ball, location: 2F
0-1: Ball
1-1: Ball
2-1: Ball
3-1: DOUBLE (Flyball, 89XD, EV 108.8 MPH)
Gojko Golob scores
Batting: RHB Niek de Haan 0-0: Ball
1-0: Ball
2-0: Ball
3-0: Base on Balls
Batting: RHB Larry Clark 0-0: Ball
1-0: Ball
2-0: Ball
3-0: Called Strike
3-1: Base on Balls
Moses Brokken to third
Niek de Haan to second
Batting: LHB Nick Pacheco 0-0: Ball
1-0: Foul Ball, location: 2F
1-1: Foul Ball, location: 2F
1-2: Ball
2-2: Strikes out swinging
Top of the 2nd over - 2 runs, 3 hits, 0 errors, 3 left on base; Midland 2 - Northwest Arkansas 0
BOTTOM OF THE 2ND
Northwest Arkansas Naturals batting - Pitching for Midland RockHounds : LHP Katsumi Takaki
Batting: RHB Andy Urquhart 0-0: Ball
1-0: Swinging Strike
1-1: Ball
2-1: Swinging Strike
2-2: Foul Ball, location: 2F
2-2: Ball
3-2: Strikes out swinging
Batting: RHB Edwin Ramos 0-0: Ball
1-0: Fly out, F7 (Line Drive, 7LM, EV 96.2 MPH)
Batting: LHB Joe Cozart 0-0: SINGLE (Line Drive, 56D, EV 97.5 MPH)
Batting: RHB Kevin Allen 0-0: Ball
1-0: Ball
2-0: Swinging Strike
2-1: Ball
3-1: Called Strike
3-2: Foul Ball, location: 2F
3-2: Foul Ball, location: 2F
3-2: Foul Ball, location: 2F
3-2: Strikes out swinging, 2-3 out at first.
Bottom of the 2nd over - 0 runs, 1 hit, 0 errors, 1 left on base; Midland 2 - Northwest Arkansas 0
TOP OF THE 3RD
Midland RockHounds batting - Pitching for Northwest Arkansas Naturals : RHP Mike Tuck
Batting: RHB Matt Sherard 0-0: Ball
1-0: Ball
2-0: Ball
3-0: SINGLE (Line Drive, 6D, EV 97.5 MPH)
Batting: RHB Travis Robinson 0-0: Swinging Strike
0-1: Ball
Matt Sherard steals 2nd base
1-1: Foul Ball, location: 2F
1-2: Fly out, F7 (Flyball, 78S, EV 81.9 MPH)
Batting: RHB Tony Crespo 0-0: Swinging Strike
0-1: Ball
1-1: Called Strike
1-2: Ball
2-2: Ball
3-2: Foul Ball, location: 2F
3-2: DOUBLE (Line Drive, 9LM, EV 105.0 MPH)
Matt Sherard scores
Batting: RHB Micah Roth 0-0: Foul Ball, location: 2F
0-1: Ball
1-1: Foul Ball, location: 2F
1-2: Fly out, F8 (Flyball, 8RXD, EV 110.6 MPH)
Runner from 2nd tags up, SAFE at 3rd, no throw by CF
Pitching: RHP Andy Rodriguez
Batting: RHB Gojko Golob 0-0: Ball
1-0: Ball
2-0: Ball
3-0: Called Strike
3-1: Ground out 5-3 (Groundball, 56S, EV 87.5 MPH)
Top of the 3rd over - 1 run, 2 hits, 0 errors, 1 left on base; Midland 3 - Northwest Arkansas 0
BOTTOM OF THE 3RD
Northwest Arkansas Naturals batting - Pitching for Midland RockHounds : LHP Katsumi Takaki
Batting: LHB Randy Stapleton 0-0: Called Strike
0-1: Ball
1-1: Ball
2-1: DOUBLE (Flyball, 9LD, EV 98.1 MPH)
Batting: SHB Danny Ballenger 0-0: Called Strike
0-1: Foul Ball, location: 2F
0-2: Ball
1-2: Foul Ball, location: 2F
1-2: Ball
2-2: Strikes out swinging
Batting: SHB Ryoji Hiraoka 0-0: Ball
1-0: Ball
2-0: Called Strike
2-1: Foul Ball, location: 2F
2-2: Foul Ball, location: 2F
2-2: Foul Ball, location: 2F
2-2: Fly out, F7 (Line Drive, 7, EV 91.9 MPH)
Batting: RHB Kazuki Arai 0-0: Ball
1-0: Swinging Strike
1-1: Foul Ball, location: 2F
1-2: Ball
2-2: Ball
3-2: Fly out, F8 (Flyball, 8LD, EV 101.2 MPH)
Bottom of the 3rd over - 0 runs, 1 hit, 0 errors, 1 left on base; Midland 3 - Northwest Arkansas 0
TOP OF THE 4TH
Midland RockHounds batting - Pitching for Northwest Arkansas Naturals : RHP Andy Rodriguez
Batting: RHB Moses Brokken 0-0: Ball
1-0: Fly out, F9 (Flyball, 9D, EV 93.8 MPH)
Batting: RHB Niek de Haan 0-0: Ball
1-0: Ball
2-0: Foul Ball, location: 2F
2-1: Ball
3-1: Ground out 3-1 (Groundball, 34S, EV 91.2 MPH)
Batting: RHB Larry Clark 0-0: Foul Ball, location: 2F
0-1: Fly out, F8 (Line Drive, 8LM, EV 96.2 MPH)
Top of the 4th over - 0 runs, 0 hits, 0 errors, 0 left on base; Midland 3 - Northwest Arkansas 0
BOTTOM OF THE 4TH
Northwest Arkansas Naturals batting - Pitching for Midland RockHounds : LHP Katsumi Takaki
Batting: RHB Alex Cid 0-0: Ball
1-0: Called Strike
1-1: Foul Ball, location: 2F
1-2: Fly out, F9 (Flyball, 9D, EV 101.2 MPH)
Batting: RHB Andy Urquhart 0-0: Ball
1-0: Called Strike
1-1: Called Strike
1-2: Ground out 6-3 (Groundball, 6, EV 105.0 MPH)
Batting: RHB Edwin Ramos 0-0: Swinging Strike
0-1: Ball
1-1: Swinging Strike
1-2: SINGLE (Line Drive, 56D, EV 95.6 MPH)
Batting: LHB Joe Cozart 0-0: Ball
1-0: Called Strike
1-1: Swinging Strike
1-2: Foul Ball, location: 2F
1-2: Strikes out looking
Bottom of the 4th over - 0 runs, 1 hit, 0 errors, 1 left on base; Midland 3 - Northwest Arkansas 0
TOP OF THE 5TH
Midland RockHounds batting - Pitching for Northwest Arkansas Naturals : RHP Andy Rodriguez
Batting: LHB Nick Pacheco 0-0: Ball
1-0: Foul Ball, location: 2F
1-1: Called Strike
1-2: Foul Ball, location: 2F
1-2: Foul Ball, location: 2F
1-2: Strikes out looking
Batting: RHB Matt Sherard 0-0: Called Strike
0-1: Ball
1-1: Ground out 4-3 (Groundball, 4M, EV 84.4 MPH)
Batting: RHB Travis Robinson 0-0: Called Strike
0-1: Swinging Strike
0-2: Ball
1-2: Foul Ball, location: 2F
1-2: Foul Ball, location: 2F
1-2: SINGLE (Groundball, 4, EV 104.4 MPH)
Batting: RHB Tony Crespo 0-0: Ball
1-0: Ball
2-0: Ground out 4-3 (Groundball, 4, EV 85.0 MPH)
Top of the 5th over - 0 runs, 1 hit, 0 errors, 1 left on base; Midland 3 - Northwest Arkansas 0
BOTTOM OF THE 5TH
Northwest Arkansas Naturals batting - Pitching for Midland RockHounds : LHP Katsumi Takaki
Batting: RHB Kevin Allen 0-0: Ball
1-0: Foul Ball, location: 2F
1-1: Fly out, F7 (Flyball, 78D, EV 94.4 MPH)
Batting: LHB Randy Stapleton 0-0: Ball
1-0: Called Strike
1-1: Foul Ball, location: 2F
1-2: Fly out, F7 (Line Drive, 7S, EV 97.5 MPH)
Batting: SHB Danny Ballenger 0-0: Swinging Strike
0-1: Called Strike
0-2: Ball
1-2: Strikes out swinging
Bottom of the 5th over - 0 runs, 0 hits, 0 errors, 0 left on base; Midland 3 - Northwest Arkansas 0
TOP OF THE 6TH
Midland RockHounds batting - Pitching for Northwest Arkansas Naturals : RHP Andy Rodriguez
Batting: RHB Micah Roth 0-0: Ball
1-0: Called Strike
1-1: Ground out 5-3 (Groundball, 56, EV 97.5 MPH)
Pitching: RHP Brian Straub
Batting: RHB Gojko Golob 0-0: Ball
1-0: Called Strike
1-1: Called Strike
1-2: Ball
2-2: Strikes out looking
Batting: RHB Moses Brokken 0-0: Called Strike
0-1: Ball
1-1: Called Strike
1-2: Reached on error, E6 (Groundball, 6, EV 88.8 MPH)
Batting: RHB Niek de Haan 0-0: Ground out 5-3 (Groundball, 56S, EV 86.9 MPH)
Top of the 6th over - 0 runs, 0 hits, 1 error, 1 left on base; Midland 3 - Northwest Arkansas 0
BOTTOM OF THE 6TH
Northwest Arkansas Naturals batting - Pitching for Midland RockHounds : LHP Katsumi Takaki
Batting: SHB Ryoji Hiraoka 0-0: Called Strike
0-1: SINGLE (Groundball, 56D, EV 102.5 MPH)
Batting: RHB Kazuki Arai 0-0: DOUBLE (Groundball, 5L, EV 98.8 MPH)
Ryoji Hiraoka to third
Runner from 3rd tries for Home, throw by LF and OUT! 7-6-2
Batting: RHB Alex Cid 0-0: Ball
1-0: Swinging Strike
1-1: Ball
2-1: Foul Ball, location: 2F
2-2: Ball
3-2: Ground out 1-3 (Groundball, 25, EV 73.8 MPH)
Batting: RHB Andy Urquhart 0-0: Ground out 5-3 (Groundball, 56S, EV 65.0 MPH)
Bottom of the 6th over - 0 runs, 2 hits, 0 errors, 1 left on base; Midland 3 - Northwest Arkansas 0
TOP OF THE 7TH
Midland RockHounds batting - Pitching for Northwest Arkansas Naturals : RHP Brian Straub
Pitching: RHP Justin Potts
Batting: RHB Larry Clark 0-0: Ball
1-0: Called Strike
1-1: Foul Ball, location: 2F
1-2: Ball
2-2: Strikes out swinging
Batting: LHB Nick Pacheco 0-0: Ball
1-0: Ball
2-0: Foul Ball, location: 2F
2-1: Fly out, F8 (Line Drive, 8RM, EV 88.8 MPH)
Batting: RHB Matt Sherard 0-0: Called Strike
0-1: Ball
1-1: Ball
2-1: Foul Ball, location: 2F
2-2: Ball
3-2: Base on Balls
Batting: RHB Travis Robinson 0-0: Foul Ball, location: 2F
0-1: Ball
1-1: Fly out, F8 (Flyball, 8LD, EV 98.1 MPH)
Top of the 7th over - 0 runs, 0 hits, 0 errors, 1 left on base; Midland 3 - Northwest Arkansas 0
BOTTOM OF THE 7TH
Northwest Arkansas Naturals batting - Pitching for Midland RockHounds : LHP Katsumi Takaki
Batting: RHB Edwin Ramos 0-0: SINGLE (Groundball, 56, EV 104.4 MPH)
Batting: LHB Joe Cozart 0-0: Ball
1-0: Ball
2-0: Ball
3-0: Called Strike
3-1: Called Strike
3-2: Foul Ball, location: 2F
3-2: Strikes out swinging
Edwin Ramos is caught stealing 2nd base 2-6
Batter strikes out.
Batting: RHB Kevin Allen 0-0: Ball
1-0: Ball
2-0: Foul Ball, location: 2F
2-1: Ball
3-1: Base on Balls
Pitching: LHP Cory Yeary
Batting: LHB Randy Stapleton 0-0: Ball
1-0: Foul Ball, location: 2F
1-1: Swinging Strike
1-2: Ball
2-2: Ball
3-2: Strikes out looking
Bottom of the 7th over - 0 runs, 1 hit, 0 errors, 1 left on base; Midland 3 - Northwest Arkansas 0
TOP OF THE 8TH
Midland RockHounds batting - Pitching for Northwest Arkansas Naturals : RHP Justin Potts
Pitching: RHP Jon Griffin
Batting: RHB Tony Crespo 0-0: Ball
1-0: SINGLE (Groundball, 56S, EV 76.2 MPH) (infield hit)
Batting: RHB Micah Roth 0-0: Called Strike
0-1: Foul Ball, location: 2F
0-2: Ball
1-2: DOUBLE (Flyball, 8RXD, EV 95.0 MPH)
Tony Crespo to third
Batting: RHB Gojko Golob 0-0: Called Strike
0-1: Foul Ball, location: 2F
0-2: Ball
1-2: Foul Ball, location: 2F
1-2: Ground out 4-3 (Groundball, 4, EV 102.5 MPH)
Tony Crespo scores
Micah Roth to third
Batting: RHB Moses Brokken 0-0: Ball
1-0: Foul Ball, location: 2F
1-1: Swinging Strike
1-2: Ball
2-2: Ball
3-2: Strikes out swinging
Batting: RHB Niek de Haan 0-0: Ball
1-0: Ball
2-0: Foul Ball, location: 2F
2-1: Called Strike
2-2: Ground out 5-3 (Groundball, 5S, EV 66.9 MPH)
Top of the 8th over - 1 run, 2 hits, 0 errors, 1 left on base; Midland 4 - Northwest Arkansas 0
BOTTOM OF THE 8TH
Northwest Arkansas Naturals batting - Pitching for Midland RockHounds : LHP Cory Yeary
Batting: SHB Danny Ballenger 0-0: Called Strike
0-1: Called Strike
0-2: Ball
1-2: Strikes out looking
Batting: SHB Ryoji Hiraoka 0-0: Ball
1-0: Ball
2-0: Foul Ball, location: 2F
2-1: Called Strike
2-2: Foul Ball, location: 2F
2-2: Fly out, F8 (Flyball, 8RD, EV 85.6 MPH)
Batting: RHB Kazuki Arai 0-0: Ball
1-0: Ball
2-0: Called Strike
2-1: Foul Ball, location: 2F
2-2: Fly out, F8 (Flyball, 78M, EV 93.1 MPH)
Bottom of the 8th over - 0 runs, 0 hits, 0 errors, 0 left on base; Midland 4 - Northwest Arkansas 0
TOP OF THE 9TH
Midland RockHounds batting - Pitching for Northwest Arkansas Naturals : RHP Jon Griffin
Batting: RHB Larry Clark 0-0: Called Strike
0-1: Ball
1-1: Swinging Strike
1-2: Strikes out looking
Batting: LHB Nick Pacheco 0-0: Ball
1-0: Called Strike
1-1: Called Strike
1-2: Ball
2-2: Strikes out swinging
Batting: RHB Matt Sherard 0-0: Ball
1-0: Ball
2-0: Foul Ball, location: 2F
2-1: Ground out 6-3 (Groundball, 6, EV 83.8 MPH)
Top of the 9th over - 0 runs, 0 hits, 0 errors, 0 left on base; Midland 4 - Northwest Arkansas 0
BOTTOM OF THE 9TH
Northwest Arkansas Naturals batting - Pitching for Midland RockHounds : LHP Cory Yeary
Batting: RHB Alex Cid 0-0: Ball
1-0: Ball
2-0: Called Strike
2-1: Ground out 6-3 (Groundball, 6M, EV 101.2 MPH)
Batting: RHB Andy Urquhart 0-0: Called Strike
0-1: Ball
1-1: Ground out 6-3 (Groundball, 56D, EV 107.5 MPH)
Batting: RHB Edwin Ramos 0-0: Called Strike
0-1: Swinging Strike
0-2: Strikes out swinging
Bottom of the 9th over - 0 runs, 0 hits, 0 errors, 0 left on base; Midland 4 - Northwest Arkansas 0
Tuesday, March 28th , 2023 - OOTP Baseball 23.10 Build 110